 Dungeon Crawl Stone Soup version 0.23.2 (webtiles) character file.

Game seed: 3555099969750802564

3165 Revguard the Cudgeler (level 10, -5/74 HPs)
             Began as a Human Fighter on Apr 2, 2019.
             Was a Priest of Zin.
             Killed from afar by an electric eel (10 damage)
             ... with a bolt of electricity
             ... on level 8 of the Dungeon.
             The game lasted 00:52:49 (8527 turns).

Revguard the Cudgeler (Human Fighter)               Turns: 8527, Time: 00:52:52

Health: -5/74      AC: 15    Str: 21    XL:     10   Next: 15%
Magic:  0/23       EV:  3    Int: 13    God:    Zin [***...]
Gold:   0          SH: 10    Dex: 13    Spells: 9/9 levels left

rFire    . . .     SeeInvis .   a - +0 flail
rCold    . . .     Gourm    .   c - +1 shield
rNeg     . . .     Faith    .   m - +0 plate armour
rPois    ∞         Spirit   +   h - +2 helmet {Int+3}
rElec    .         Reflect  .   (no cloak)
rCorr    .         Harm     .   (no gloves)
MR       .....                  b - +0 pair of boots (curse)
Stlth    ..........             q - amulet of guardian spirit
HPRegen  0.22/turn              s - ring of magical power
MPRegen  0.18/turn              (no ring)

@: vitalised, very heavily drained
A: wild magic 1
a: Recite, Vitalisation, Imprison, Donate Gold, Renounce Religion


You were on level 8 of the Dungeon.
You worshipped Zin.
Zin was most pleased with you.
You were near starving.

You visited 2 branches of the dungeon, and saw 9 of its levels.

You collected 332 gold pieces.
You donated 332 gold pieces to Zin.

Inventory:

Hand Weapons
 a - a +0 flail (weapon)
Armour
 b - a cursed +0 pair of boots (worn)
 c - a +1 shield (worn)
 h - a +2 helmet of intelligence (worn)
 l - a +0 pair of boots
 m - a +0 plate armour (worn)
Jewellery
 q - an amulet of guardian spirit (around neck)
 s - a ring of magical power (left hand)
Scrolls
 e - 3 scrolls of blinking
 g - 2 scrolls of enchant armour
 r - a scroll of immolation
 t - 4 scrolls of amnesia
 v - 2 scrolls of teleportation
 z - 2 scrolls of identify
Potions
 j - a potion of haste
 u - a potion of curing
Comestibles
 f - 13 rations


   Skills:
 + Level 5.0(1.8) Fighting
 + Level 7.4(3.9) Maces & Flails
 + Level 6.2(2.8) Armour
 + Level 2.6(0.0) Dodging
 + Level 7.1(3.6) Shields
 * Level 6.2(2.8) Invocations
   Level 1.2(0.0) Evocations


You had 9 spell levels left.
You didn't know any spells.
Your spell library contained the following spells:

 Spells                   Type           Power        Failure   Level  Hunger
 Magic Dart               Conj           #...         100%        1    ##.....
 Blink                    Tloc           N/A          100%        2    ###....
 Call Imp                 Summ           #.......     100%        2    ###....
 Slow                     Hex            #.......     100%        2    ###....
 Conjure Flame            Conj/Fire      #.......     100%        3    ####...
 Mephitic Cloud           Conj/Pois/Air  #.......     100%        3    ####...


Dungeon Overview and Level Annotations

Branches:
Dungeon (8/15)             Temple (1/1) D:4
   Lair: D:8-11

Altars:
Ashenzari
Cheibriados
Dithmenos
Elyvilon
Fedhas
Gozag
Hepliaklqana
Kikubaaqudgha
Makhleb
Nemelex Xobeh
Okawaru
Qazlal
Ru
Sif Muna
Trog
Uskayaw
Vehumet
Wu Jian
Xom
Yredelemnul
Zin
The Shining One

Shops:
D:6 %

Annotations:
D:8 Maurice


Innate Abilities, Weirdness & Mutations

Your spells are a little harder to cast, but a little more powerful.


Message History

You hear a splash.
You closely miss the electric eel.
You feel better.
The electric eel shoots out a bolt of lightning at you!
The bolt of electricity hits you!
* * * LOW HITPOINT WARNING * * *
You closely miss the electric eel. You closely miss the electric eel.
You miss the electric eel.
The electric eel shoots out a bolt of lightning at you!
The bolt of electricity hits you.
* * * LOW HITPOINT WARNING * * *
You barely miss the electric eel. You closely miss the electric eel.
The electric eel shoots out a bolt of lightning at you!
The bolt of electricity hits you.
* * * LOW HITPOINT WARNING * * *
The electric eel shoots out a bolt of lightning at you!
The bolt of electricity hits you!
You die...

#....#
#..#.⌠.#≈≈#.⌠.#.##.....
#....#
#..#...#≈≈#...#.##.....
#....#
##...###≈≈≈≈###..##.....
#...:# #.'....≈≈≈≈≈≈.
#..... #....#
#.#....≈≈≈≈≈≈. #.....
#....####.#..###≈≈≈≈
#.....
#.........[.#...#≈≈#
#.....
##.######...#.⌠.#≈≈# .
#..... #.#
#...#..@#≈≈#... #.....
#.# #....###;..≈###
###### #.#
#.............. #.#
#.....####..... #.#
#..#### ##############
#.######..#
#.............
#.........#
#.############
#########.########.#
#..........#


You could see an electric eel.

Vanquished Creatures
  A hippogriff (D:8)
  Sigmund (D:2)
  Eustachio (D:5)
  3 yaks (D:8)
  A water moccasin (D:6)
  5 ogres
  A phantom (D:5)
  A centaur (D:5)
  A big kobold (D:8)
  A crocodile (D:8)
  A bullfrog (D:6)
  5 electric eels
  4 crimson imps
  A howler monkey (D:5)
  3 orc priests
  6 hounds
  2 bullfrog skeletons (D:5)
  A bullfrog zombie (D:5)
  5 orc wizards
  6 worker ants
  Ijyb (D:4)
  Terence (D:2)
  A killer bee zombie (D:5)
  2 hound skeletons (D:7)
  Robin (D:4)
  10 adders
  An ooze (D:1)
  An adder skeleton (D:7)
  5 worms
  2 leopard geckos
  17 orcs
  5 ball pythons
  8 giant cockroaches
  13 goblins
  9 hobgoblins
  7 jackals
  2 quokkas (D:4)
  12 bats
  6 frilled lizards
  A jackal skeleton (D:6)
  12 kobolds
  7 rats
174 creatures vanquished.

Vanquished Creatures (others)
  An orc wizard (D:8)
  2 plants (D:6)
3 creatures vanquished.

Grand Total: 177 creatures vanquished

Notes
Turn   | Place    | Note
-------+----------+-------------------------------------------
     0 | D:1      | Revguard the Human Fighter began the quest for the Orb.
     0 | D:1      | Reached XP level 1. HP: 18/18 MP: 1/1
   122 | D:1      | Reached XP level 2. HP: 24/24 MP: 2/2
   346 | D:1      | Reached XP level 3. HP: 29/29 MP: 3/3
   792 | D:2      | Found a hazy altar of Hepliaklqana.
   890 | D:2      | Reached XP level 4. HP: 34/35 MP: 4/4
   900 | D:2      | Found a glowing silver altar of Zin.
   917 | D:2      | Became a worshipper of Zin the Law-Giver
   918 | D:2      | Donated 28 gold pieces to Zin
   944 | D:2      | Donated 14 gold pieces to Zin
  1003 | D:2      | Noticed Sigmund
  1020 | D:2      | Killed Sigmund
  1020 | D:2      | Reached skill level 1 in Dodging
  1020 | D:2      | Reached XP level 5. HP: 19/41 MP: 1/5
  1020 | D:2      | Reached XP level 6. HP: 21/47 MP: 2/6
  1324 | D:2      | Noticed Terence
  1342 | D:2      | Killed Terence
  1877 | D:3      | Reached XP level 7. HP: 25/53 MP: 2/7
  2069 | D:3      | Reached * piety under Zin
  2189 | D:3      | Gained mutation: Your spells are a little harder to cast,
                  | but a little more powerful. [potion of mutation]
  2206 | D:4      | Noticed Robin
  2501 | D:4      | Donated 30 gold pieces to Zin
  2548 | D:4      | Found a staircase to the Ecumenical Temple.
  2658 | D:4      | Killed Robin
  2668 | D:4      | Noticed Ijyb
  2753 | D:4      | Killed Ijyb
  2934 | Temple   | Entered the Ecumenical Temple
  3173 | D:4      | Reached skill level 1 in Invocations
  3467 | D:4      | Reached skill level 5 in Maces & Flails
  3545 | D:4      | Found a deep blue altar of Sif Muna.
  3723 | D:4      | Reached XP level 8. HP: 57/60 MP: 9/9
  3919 | D:5      | Entered Level 5 of the Dungeon
  3919 | D:5      | Noticed Eustachio
  3959 | D:5      | Reached skill level 5 in Shields
  3968 | D:5      | Found an iron altar of Okawaru.
  4312 | D:5      | Killed Eustachio
  4564 | D:5      | Reached ** piety under Zin
  4565 | D:5      | Donated 48 gold pieces to Zin
  4669 | D:5      | Reached XP level 9. HP: 51/66 MP: 12/12
  4707 | D:5      | Found a shattered altar of Ashenzari.
  4708 | D:5      | Found an ornate altar of the Wu Jian Council.
  4709 | D:5      | Found a hide-covered altar of Uskayaw.
  4930 | D:6      | Found Ajuleoll's Food Emporium.
  4954 | D:6      | Reached skill level 5 in Armour
  5887 | D:6      | Reached *** piety under Zin
  5889 | D:6      | Found a glowing golden altar of the Shining One.
  6247 | D:7      | Reached skill level 1 in Evocations
  6527 | D:7      | Donated 90 gold pieces to Zin
  6552 | D:7      | Reached skill level 5 in Invocations
  6756 | D:7      | Reached **** piety under Zin
  6907 | D:8      | Found a white marble altar of Elyvilon.
  7246 | D:8      | Noticed Maurice
  7365 | D:8      | Donated 81 gold pieces to Zin
  7408 | D:8      | Noticed a hippogriff
  7425 | D:8      | Killed a hippogriff
  7713 | D:8      | Reached XP level 10. HP: 47/73 MP: 14/14
  7726 | D:8      | Reached skill level 5 in Fighting
  8131 | D:8      | Zin protects you from harm!
  8131 | D:8      | Zin protects you from harm!
  8514 | D:8      | HP: 3/74 [electric eel/bolt of electricity (4)]
  8527 | D:8      | Killed from afar by an electric eel

Skill      XL: |  1  2  3  4  5  6  7  8  9 10 |
---------------+-------------------------------+-----
Maces & Flails | 3 4 5 7 |  7.4
Dodging        | 1 2 |  2.6
Shields        | 4 5 6 7 |  7.1
Armour         | 4 6 |  6.2
Invocations    | 1 4 5 6 |  6.2
Fighting       | 4 5 |  5.0
Evocations     | 1 |  1.2

Action                   |  1- 3 |  4- 6 |  7- 9 | 10-12 || total
-------------------------+-------+-------+-------+-------++-------
Melee: Flail             |    98 |    44 |   647 |   117 ||   906
       Whip              |       |   143 |   115 |       ||   258
       Unarmed           |       |       |    65 |       ||    65
Invok: Donate Gold       |       |     2 |     4 |       ||     6
       Recite            |       |       |    35 |     3 ||    38
       Vitalisation      |       |       |     6 |     2 ||     8
Evoke: Wand              |       |       |    23 |       ||    23
  Use: Scroll            |     5 |     4 |     7 |       ||    16
       Potion            |       |     2 |    13 |     3 ||    18
 Stab: Invisible         |       |       |     2 |       ||     2
       Confused          |       |       |     1 |       ||     1
  Eat: Ration            |       |     1 |     2 |       ||     3
       Chunk             |       |       |    13 |     2 ||    15
Armor: Scale mail        |    39 |       |       |       ||    39
       Chain mail        |    35 |    94 |   312 |       ||   441
       Plate armour      |       |       |   124 |    52 ||   176
Dodge: Dodged            |    29 |    28 |   176 |    13 ||   246
Block: Shield            |    53 |   111 |   416 |    51 ||   631
